 Dungeon Crawl Stone Soup version 0.29.0-4-gdea44cf6ec (webtiles) character file.

Game seed: 17339978123283277775

31423 qw the Severer (level 13, -1/86 HPs)
             Began as a Gargoyle Berserker on Sept 6, 2022.
             Was an Elder of Trog.
             Slain by a death yak (19 damage)
             ... on level 5 of the Lair of Beasts.
             The game lasted 00:05:41 (17799 turns).

qw the Severer (Gargoyle Berserker)                Turns: 17799, Time: 00:05:41

Health: -1/86      AC: 32    Str: 26    XL:     13   Next: 58%
Magic:  13/13      EV: 13    Int:  8    God:    Trog [****..]
Gold:   782        SH: 10    Dex:  9    Spells: 12/12 levels left

rFire   + . .      SeeInvis .   a - +0 war axe
rCold   . . .      Faith    .   n - +0 buckler
rNeg    + . .      Spirit   .   h - +3 chain mail {rF+}
rPois   inf        Reflect  +   (no helmet)
rElec   +          Harm     .   t - +0 cloak
rCorr   .          Rampage  .   o - +0 pair of gloves
Will    .....                   j - +0 pair of boots
Stlth   ..........              m - amulet of reflection
HPRegen 0.24/turn               f - +4 ring of evasion
MPRegen 0.13/turn               p - +4 ring of protection

@: on berserk cooldown, slowed, very slow
A: sickness immunity, AC +9, negative energy resistance 1, electricity
resistance, torment resistance 1, petrification resistance
a: Renounce Religion, Berserk, Trog's Hand, Brothers in Arms


You were on level 5 of the Lair of Beasts.
You worshipped Trog.
Trog was greatly pleased with you.
You visited 2 branches of the dungeon, and saw 13 of its levels.

You collected 866 gold pieces.
You spent 84 gold pieces at shops.


Innate Abilities, Weirdness & Mutations

You are immune to sickness and miasma.
Your stone body is resilient. (AC +9)
You are immune to poison.
You resist negative energy. (rN+)
You are resistant to electric shocks. (rElec)
You are resistant to unholy torment.
You are immune to petrification.


   Skills:
 - Level 12.0 Fighting
 + Level 15.0 Axes
 - Level 3.1 Throwing
 - Level 10.2 Armour
 - Level 3.3 Dodging
 - Level 7.4 Shields


You had 12 spell levels left.
You didn't know any spells.
Your spell library was empty.

Inventory:

Hand Weapons
 a - a +0 war axe (weapon)
 s - a +0 morningstar
Armour
 b - a +0 plate armour
 h - a +3 chain mail of fire resistance (worn)
 j - a +0 pair of boots (worn)
 n - a +0 buckler (worn)
 o - a +0 pair of gloves (worn)
 t - a +0 cloak (worn)
Jewellery
 f - a +4 ring of evasion (left hand)
 l - a ring of positive energy
 m - an amulet of reflection (around neck)
 p - a +4 ring of protection (right hand)
 Y - a ring of protection from fire
Scrolls
 g - 5 scrolls of identify
 k - 2 scrolls of teleportation
Potions
 c - 4 potions of might
 d - a potion of heal wounds
 e - 3 potions of haste
 i - 10 potions of curing
 q - 2 potions of resistance
 r - 2 potions of mutation

Dungeon Overview and Level Annotations

Branches:
Dungeon (8/15)             Temple (0/1) D:7            Lair (5/5) D:8
 Shoals (0/4) Lair:3        Snake (0/4) Lair:2
  Slime: Lair:4-5

Altars:
Gozag
Hepliaklqana
Makhleb
Nemelex Xobeh
Okawaru
Qazlal
Trog
Vehumet
Xom
Yredelemnul
Zin

Shops:
D:3 !

Annotations:
D:5 Pikel
D:7 2 runed translucent doors


Message History

You hit the death yak but do no damage.
The death yak is heavily wounded.
You hit the death yak but do no damage. You barely miss the death yak.
You hit the death yak but do no damage. You hit the yak.
The yak gores you but does no damage. The death yak gores you!!
The death yak completely misses you.
The death yak gores you but does no damage. x2
You barely miss the death yak.
The death yak is heavily wounded.
You hit the death yak but do no damage. x2; You closely miss the yak.
You hit the death yak but do no damage. You completely miss the yak.
You block the yak's attack. You block the death yak's attack.
The death yak gores you but does no damage.
You block the death yak's attack.
The death yak gores you but does no damage.
You slash the death yak!
The death yak is severely wounded.
You hit the death yak but do no damage. You slash the yak!
You barely miss the death yak. You slash the death yak!
You closely miss the yak.
The death yak gores you but does no damage. x2
The death yak gores you! You block the death yak's attack.
You block the yak's attack. The yak barely misses you.
You hit the death yak.
The death yak is severely wounded.
You hit the death yak but do no damage. You barely miss the death yak.
You hit the yak but do no damage. You hit the death yak.
You barely miss the yak. You slash the yak! You block the yak's attack.
The yak gores you but does no damage. The death yak misses you.
The death yak closely misses you. You block the death yak's attack.
The death yak misses you. You block the yak's attack.
You slash the death yak!
The death yak is severely wounded.
You barely miss the death yak. You slash the yak! You hit the death yak.
You hit the yak but do no damage. You slash the yak! You hit the death yak.
You block the yak's attack. The yak gores you!
The yak gores you but does no damage. You block the death yak's attack.
The death yak gores you!!
You die...

..##.....#.#+#..P....##.#
.##....#####.####....#
##...#.###.#.##....####
......#.#....#.........
........................
........................
.......Y...............
......YYY..............
.....YY@Y#...(......#..
.....YYY###..#...^....#
.....Y##.###......######
......##...........##P#P
.............+......#...
....... .#..##..!......#.
......... ####.........#..
...(....###..##...........
.........#...#.......#.#}.


You could see 4 death yaks and 7 yaks.

Vanquished Creatures
  A boulder beetle (D:7)
  A hydra (Lair:3)
  A catoblepas (Lair:5)
  16 death yaks
  7 black mambas
  6 elephants (Lair:5)
  A torpor snail (Lair:2)
  12 cane toads
  A rime drake (Lair:5)
  3 komodo dragons
  A polar bear (Lair:2)
  9 blink frogs
  5 dream sheep (Lair:4)
  A wyvern (Lair:5)
  18 yaks
  Eustachio (D:5)
  2 wargs (D:8)
  3 nagas (Lair:2)
  14 water moccasins
  An ice beast (D:8)
  2 sky beasts (D:7)
  2 black bears
  2 ogres
  3 wolves (Lair:1)
  4 centaurs
  2 lemures (D:5)
  2 phantoms
  2 gnoll sergeants (D:8)
  2 necrophages
  3 scorpions
  7 bullfrogs
  3 wights
  12 killer bees
  2 howler monkeys (D:7)
  2 hounds (D:7)
  3 jellies
  A gnoll bouda (D:7)
  An orc priest (D:8)
  Jessica (D:2)
  Terence (D:2)
  Natasha (twice) (D:2)
  4 iguanas
  5 orc wizards
  12 hell rats
  6 gnolls
  3 adders
  12 white imps (Lair:4)
  An ufetubus (D:5)
  2 worms
  6 dart slugs
  6 orcs
  9 ball pythons
  5 bats
  6 endoplasms
  5 giant cockroaches
  5 goblins
  5 hobgoblins
  4 jackals (D:5)
  7 kobolds
  6 quokkas
  A frilled lizard (D:3)
  5 rats
278 creatures vanquished.

Vanquished Creatures (others)
  17 fungi
  31 plants
48 creatures vanquished.

Grand Total: 326 creatures vanquished

Notes
Turn   | Place    | Note
-------+----------+-------------------------------------------
     0 | D:1      | qw the Gargoyle Berserker began the quest for the Orb.
     0 | D:1      | Reached XP level 1. HP: 14/14 MP: 1/1
     0 | D:1      | 0 ||| qw: Version: 0.1-a-108-g9e35731
     0 | D:1      | 0 ||| qw: Game counter: 6271
     0 | D:1      | 0 ||| qw: Always use a shield: true
     0 | D:1      | 0 ||| qw: Do Orc after D:15 true
     0 | D:1      | 0 ||| qw: Do second Lair branch before Depths: true
     0 | D:1      | 0 ||| qw: Lair rune preference: random
     0 | D:1      | 0 ||| qw: Plans: Normal
     0 | D:1      | 0 ||| PLANNING D:1-11
    29 | D:1      | 29 ||| INVOKING Berserk.
    30 | D:1      | 30 ||| INVOKING Berserk.
   270 | D:1      | Reached skill level 3 in Axes
   377 | D:1      | Reached XP level 2. HP: 19/19 MP: 2/2
   434 | D:1      | 434 ||| Stepping ~*~*~tactically~*~*~ (hiding).
   536 | D:1      | 536 ||| Stepping ~*~*~tactically~*~*~ (hiding).
   791 | D:1      | 791 ||| Stepping ~*~*~tactically~*~*~ (stealth).
   997 | D:1      | Reached XP level 3. HP: 23/23 MP: 3/3
  1330 | D:1      | Found a faded altar of an unknown god.
  1371 | D:1      | 1371 ||| UPGRADING to +0 leather armour.
  1381 | D:1      | 1381 ||| DROPPING +0 animal skin.
  1382 | D:1      | 1382 ||| UPGRADING to +0 scale mail.
  1392 | D:1      | 1392 ||| DROPPING +0 leather armour.
  1393 | D:1      | 1393 ||| READING scroll labelled GIBRUXK IBUMA.
  1398 | D:1      | 1398 ||| READING scroll labelled HIMOPL KAANN.
  1399 | D:1      | 1399 ||| READING 4 scrolls labelled ZEFOLY KYIXEHOBB.
  1400 | D:1      | 1400 ||| READING scroll labelled XAGEUF COES.
  1401 | D:1      | 1401 ||| READING 3 scrolls of identify.
  1401 | D:1      | 1401 ||| IDENTIFYING coppery potion
  1402 | D:1      | 1402 ||| DROPPING potion of berserk rage.
  1498 | D:2      | 1498 ||| Stepping ~*~*~tactically~*~*~ (hiding).
  1556 | D:2      | Reached skill level 4 in Axes
  1701 | D:2      | Noticed Jessica
  1704 | D:2      | Killed Jessica
  1705 | D:2      | Reached XP level 4. HP: 27/28 MP: 4/4
  1794 | D:2      | Noticed Natasha
  1795 | D:2      | 1795 ||| Stepping ~*~*~tactically~*~*~ (hiding).
  1798 | D:2      | 1798 ||| INVOKING Berserk.
  1799 | D:2      | 1799 ||| INVOKING Berserk.
  1807 | D:2      | Killed Natasha
  1947 | D:2      | Noticed Terence
  1952 | D:2      | 1952 ||| INVOKING Berserk.
  1953 | D:2      | Killed Terence
  1954 | D:2      | Reached skill level 5 in Axes
  1954 | D:2      | Reached XP level 5. HP: 32/32 MP: 5/5
  2040 | D:2      | 2040 ||| Stepping ~*~*~tactically~*~*~ (stealth).
  2052 | D:2      | Found a basalt altar of Yredelemnul.
  2075 | D:2      | Identified the +3 sling of the People {vorpal, rElec rCorr}
  2183 | D:2      | Noticed Natasha
  2187 | D:2      | 2187 ||| INVOKING Berserk.
  2188 | D:2      | Killed Natasha
  2366 | D:2      | 2366 ||| DROPPING +0 robe of resistance.
  2367 | D:2      | 2367 ||| UPGRADING to +3 chain mail of fire resistance.
  2377 | D:2      | 2377 ||| DROPPING +0 scale mail.
  2378 | D:2      | 2378 ||| UPGRADING to +0 pair of boots.
  2383 | D:2      | 2383 ||| UPGRADING to ring of protection from fire.
  2384 | D:2      | 2384 ||| READING scroll labelled DALAFA ELIE.
  2433 | D:2      | 2433 ||| READING 2 scrolls of identify.
  2433 | D:2      | 2433 ||| IDENTIFYING dark potion
  2757 | D:3      | Found Nimouphy's General Store.
  2883 | D:3      | Found Hayras's Distillery.
  2892 | D:3      | 2892 ||| SHOPLISTING 2 potions of heal wounds (140 gold,
                  | have 104).
  2892 | D:3      | 2892 ||| SHOPLISTING 2 potions of might (112 gold, have
                  | 104).
  2892 | D:3      | 2892 ||| BUYING potion of curing (42 gold).
  2892 | D:3      | Bought a potion of curing for 42 gold pieces
  2892 | D:3      | 2892 ||| BUYING potion of curing (42 gold).
  2892 | D:3      | Bought a potion of curing for 42 gold pieces
  2892 | D:3      | 2892 ||| SHOPLISTING potion of might (56 gold, have 20).
  2892 | D:3      | 2892 ||| SHOPLISTING potion of mutation (112 gold, have
                  | 20).
  3001 | D:3      | Reached ** piety under Trog
  3379 | D:3      | 3379 ||| DROPPING scarf of harm.
  3380 | D:3      | 3380 ||| UPGRADING to +0 buckler.
  3385 | D:3      | 3385 ||| UPGRADING to amulet of reflection.
  3390 | D:3      | 3390 ||| READING scroll labelled DONNIKHLAERU.
  3391 | D:3      | 3391 ||| READING scroll labelled ZOWUONTIEBU.
  3392 | D:3      | 3392 ||| READING 7 scrolls of identify.
  3392 | D:3      | 3392 ||| IDENTIFYING murky coppery potion
  3393 | D:3      | 3393 ||| DROPPING potion of lignification.
  3501 | D:4      | Reached XP level 6. HP: 38/38 MP: 6/6
  3509 | D:4      | 3509 ||| Stepping ~*~*~tactically~*~*~ (stealth).
  3511 | D:4      | 3511 ||| Stepping ~*~*~tactically~*~*~ (hiding).
  3521 | D:4      | 3521 ||| INVOKING Berserk.
  3818 | D:4      | 3818 ||| INVOKING Berserk.
  3822 | D:4      | Reached skill level 6 in Axes
  3829 | D:4      | Reached XP level 7. HP: 28/43 MP: 7/7
  3974 | D:4      | 3974 ||| Stepping ~*~*~tactically~*~*~ (stealth).
  4097 | D:4      | Found a sparkling altar of Nemelex Xobeh.
  4113 | D:4      | Reached skill level 3 in Armour
  4559 | D:4      | 4559 ||| UPGRADING to +0 pair of gloves.
  4564 | D:4      | 4564 ||| READING scroll labelled BUCAUL YROC.
  4565 | D:4      | 4565 ||| READING scroll labelled VIPREUVVUI.
  4566 | D:4      | 4566 ||| READING scroll labelled OLOSUGG BASKE.
  4567 | D:4      | 4567 ||| READING 8 scrolls of identify.
  4567 | D:4      | 4567 ||| IDENTIFYING glowing pink potion
  4568 | D:4      | 4568 ||| DROPPING potion of attraction.
  4593 | D:5      | Entered Level 5 of the Dungeon
  4666 | D:5      | Found a bloodstained altar of Trog.
  4668 | D:5      | Found a radiant altar of Vehumet.
  4690 | D:5      | Reached skill level 3 in Shields
  4720 | D:5      | Found a glowing silver altar of Zin.
  4722 | D:5      | Found a stormy altar of Qazlal.
  4723 | D:5      | Found a shimmering altar of Xom.
  4757 | D:5      | Found a burning altar of Makhleb.
  4762 | D:5      | Found a hazy altar of Hepliaklqana.
  4842 | D:5      | Noticed Eustachio
  4847 | D:5      | 4847 ||| INVOKING Berserk.
  4859 | D:5      | Killed Eustachio
  4941 | D:5      | 4941 ||| Stepping ~*~*~tactically~*~*~ (stealth).
  4984 | D:5      | 4984 ||| Stepping ~*~*~tactically~*~*~ (hiding).
  5151 | D:5      | Found a basalt altar of Yredelemnul.
  5290 | D:5      | 5290 ||| INVOKING Berserk.
  5297 | D:5      | Reached skill level 7 in Axes
  5297 | D:5      | Reached XP level 8. HP: 48/48 MP: 8/8
  5625 | D:5      | Noticed Pikel
  5625 | D:5      | 5625 ||| Stepping ~*~*~tactically~*~*~ (stealth).
  6001 | D:5      | 6001 ||| READING scroll labelled XUPSOSCH NIAMUOMP.
  6002 | D:5      | 6002 ||| READING 8 scrolls of identify.
  6002 | D:5      | 6002 ||| IDENTIFYING sedimented grey potion
  6003 | D:5      | 6003 ||| READING 7 scrolls of identify.
  6003 | D:5      | 6003 ||| IDENTIFYING lumpy silvery potion
  6004 | D:5      | 6004 ||| DROPPING potion of ambrosia.
  6012 | D:5      | 6012 ||| Stepping ~*~*~tactically~*~*~ (stealth).
  6042 | D:6      | 6042 ||| STAIRDANCE
  6121 | D:6      | 6121 ||| STAIRDANCE
  6226 | D:6      | 6226 ||| INVOKING Berserk.
  6754 | D:6      | 6754 ||| Stepping ~*~*~tactically~*~*~ (hiding).
  6766 | D:6      | Reached skill level 8 in Axes
  6992 | D:6      | 6992 ||| DROPPING +0 club.
  7000 | D:6      | 7000 ||| INVOKING Berserk.
  7382 | D:6      | 7382 ||| READING scroll labelled BEV POESOAREPN.
  7383 | D:6      | 7383 ||| READING scroll labelled RAENOBL BOBOMA.
  7484 | D:6      | 7484 ||| READING 7 scrolls of identify.
  7484 | D:6      | 7484 ||| IDENTIFYING murky golden potion
  7485 | D:6      | 7485 ||| READING 6 scrolls of identify.
  7485 | D:6      | 7485 ||| IDENTIFYING sapphire potion
  7486 | D:6      | 7486 ||| DROPPING potion of invisibility.
  7526 | D:7      | 7526 ||| STAIRDANCE
  7542 | D:7      | 7542 ||| STAIRDANCE
  7615 | D:7      | Noticed a boulder beetle
  7616 | D:7      | 7616 ||| INVOKING Berserk.
  7629 | D:7      | Reached skill level 6 in Fighting
  7629 | D:7      | Killed a boulder beetle
  7630 | D:7      | Reached skill level 9 in Axes
  7630 | D:7      | Reached XP level 9. HP: 49/55 MP: 9/9
  7761 | D:7      | Found a staircase to the Ecumenical Temple.
  7822 | D:7      | 7822 ||| Stepping ~*~*~tactically~*~*~ (stealth).
  7874 | D:7      | 7874 ||| Stepping ~*~*~tactically~*~*~ (stealth).
  7934 | D:7      | 7934 ||| Stepping ~*~*~tactically~*~*~ (stealth).
  7937 | D:7      | 7937 ||| INVOKING Berserk.
  7960 | D:7      | Reached skill level 10 in Axes
  8063 | D:7      | 8063 ||| READING 2 scrolls of brand weapon.
  8063 | D:7      | 8063 ||| BRANDING +1 hand axe of venom.
  8064 | D:7      | 8064 ||| READING scroll of brand weapon.
  8064 | D:7      | 8064 ||| BRANDING +1 hand axe of protection.
  8086 | D:7      | 8086 ||| DROPPING +0 mace.
  8120 | D:7      | Found a runed translucent door.
  8120 | D:7      | Found a runed translucent door.
  8290 | D:7      | Found an iron altar of Okawaru.
  8341 | D:7      | 8341 ||| INVOKING Berserk.
  8482 | D:7      | Reached skill level 1 in Throwing
  8521 | D:7      | Reached XP level 10. HP: 64/64 MP: 10/10
  8615 | D:7      | Found an opulent altar of Gozag.
  8901 | D:7      | 8901 ||| UPGRADING to +4 ring of protection.
  8902 | D:7      | 8902 ||| READING 5 scrolls of identify.
  8902 | D:7      | 8902 ||| IDENTIFYING white potion
  8903 | D:7      | 8903 ||| READING 4 scrolls of identify.
  8903 | D:7      | 8903 ||| IDENTIFYING fizzy purple potion
  9037 | D:8      | 9037 ||| Stepping ~*~*~tactically~*~*~ (stealth).
  9091 | D:8      | 9091 ||| DRINKING 10 potions of curing.
  9091 | D:8      | 9091 ||| (to cure confusion)
  9097 | D:8      | 9097 ||| DRINKING 9 potions of curing.
  9097 | D:8      | 9097 ||| (to cure confusion)
  9129 | D:8      | 9129 ||| DROPPING +0 flail.
  9219 | D:8      | Reached skill level 3 in Throwing
  9409 | D:8      | Found a staircase to the Lair.
  9429 | D:8      | 9429 ||| Stepping ~*~*~tactically~*~*~ (hiding).
  9505 | D:8      | 9505 ||| Stepping ~*~*~tactically~*~*~ (stealth).
  9558 | D:8      | 9558 ||| Stepping ~*~*~tactically~*~*~ (hiding).
  9885 | D:8      | Reached *** piety under Trog
 10042 | D:8      | 10042 ||| PLANNING LAIR
 10042 | D:8      | 10042 ||| READING scroll labelled SUIPRAEDEL.
 10043 | D:8      | 10043 ||| READING scroll labelled VELAMA JOUC.
 10044 | D:8      | 10044 ||| READING 3 scrolls of identify.
 10044 | D:8      | 10044 ||| IDENTIFYING blue potion
 10045 | D:8      | 10045 ||| DROPPING potion of flight.
 10132 | Lair:1   | Entered Level 1 of the Lair of Beasts
 10177 | Lair:1   | 10177 ||| INVOKING Berserk.
 10191 | Lair:1   | HP: 14/64 [blink frog (13)]
 10192 | Lair:1   | 10192 ||| READING 3 scrolls of teleportation.
 10193 | Lair:1   | 10193 ||| DRINKING 3 potions of heal wounds.
 10427 | Lair:1   | 10427 ||| Stepping ~*~*~tactically~*~*~ (stealth).
 10428 | Lair:1   | 10428 ||| Stepping ~*~*~tactically~*~*~ (stealth).
 10433 | Lair:1   | 10433 ||| INVOKING Berserk.
 10560 | Lair:1   | 10560 ||| Stepping ~*~*~tactically~*~*~ (stealth).
 10561 | Lair:1   | 10561 ||| Stepping ~*~*~tactically~*~*~ (stealth).
 10625 | Lair:1   | 10625 ||| READING scroll of enchant weapon.
 10625 | Lair:1   | 10625 ||| ENCHANTING +1 hand axe of freezing.
 10704 | Lair:1   | Noticed a black mamba
 10707 | Lair:1   | 10707 ||| INVOKING Berserk.
 10718 | Lair:1   | Killed a black mamba
 10719 | Lair:1   | Reached skill level 11 in Axes
 10853 | Lair:1   | 10853 ||| READING scroll of enchant weapon.
 10853 | Lair:1   | 10853 ||| ENCHANTING +2 hand axe of freezing.
 10896 | Lair:1   | 10896 ||| Stepping ~*~*~tactically~*~*~ (stealth).
 10898 | Lair:1   | 10898 ||| Stepping ~*~*~tactically~*~*~ (stealth).
 11441 | Lair:1   | 11441 ||| INVOKING Berserk.
 11448 | Lair:1   | Reached skill level 6 in Armour
 11467 | Lair:1   | Noticed a black mamba
 11476 | Lair:1   | Killed a black mamba
 11477 | Lair:1   | Reached skill level 9 in Fighting
 11477 | Lair:1   | Reached XP level 11. HP: 71/71 MP: 11/11
 11515 | Lair:1   | 11515 ||| INVOKING Berserk.
 11963 | Lair:1   | 11963 ||| DRINKING 2 viscous puce potions.
 11964 | Lair:1   | 11964 ||| DROPPING potion of brilliance.
 12031 | Lair:2   | 12031 ||| Stepping ~*~*~tactically~*~*~ (stealth).
 12207 | Lair:2   | 12207 ||| Stepping ~*~*~tactically~*~*~ (hiding).
 12208 | Lair:2   | 12208 ||| Stepping ~*~*~tactically~*~*~ (hiding).
 12210 | Lair:2   | 12210 ||| Stepping ~*~*~tactically~*~*~ (hiding).
 12217 | Lair:2   | 12217 ||| INVOKING Berserk.
 12239 | Lair:2   | 12239 ||| Stepping ~*~*~tactically~*~*~ (stealth).
 12423 | Lair:2   | Found a staircase to the Snake Pit.
 12425 | Lair:2   | 12425 ||| SWAPPING to +0 war axe.
 12426 | Lair:2   | 12426 ||| DROPPING +3 hand axe of freezing.
 12440 | Lair:2   | 12440 ||| INVOKING Berserk.
 12448 | Lair:2   | Reached skill level 12 in Axes
 12510 | Lair:2   | 12510 ||| INVOKING Berserk.
 12525 | Lair:2   | Reached skill level 6 in Shields
 12686 | Lair:2   | Noticed a death yak
 12687 | Lair:2   | Noticed a death yak
 12691 | Lair:2   | 12691 ||| INVOKING Berserk.
 12696 | Lair:2   | Noticed a death yak
 12701 | Lair:2   | Killed a death yak
 12715 | Lair:2   | Killed a death yak
 12717 | Lair:2   | Killed a death yak
 12956 | Lair:2   | 12956 ||| INVOKING Berserk.
 13575 | Lair:2   | 13575 ||| UPGRADING to +0 cloak.
 13580 | Lair:2   | 13580 ||| DROPPING amulet of faith.
 13640 | Lair:3   | Noticed a seven-headed hydra
 13644 | Lair:3   | 13644 ||| SWAPPING to +0 morningstar.
 13645 | Lair:3   | 13645 ||| INVOKING Berserk.
 13648 | Lair:3   | Killed a seven-headed hydra
 13674 | Lair:3   | 13674 ||| SWAPPING to +0 war axe.
 13803 | Lair:3   | 13803 ||| Stepping ~*~*~tactically~*~*~ (stealth).
 13806 | Lair:3   | 13806 ||| INVOKING Berserk.
 13826 | Lair:3   | Reached XP level 12. HP: 77/77 MP: 12/12
 14044 | Lair:3   | Reached skill level 13 in Axes
 14068 | Lair:3   | Found a staircase to the Shoals.
 14262 | Lair:3   | Found a dark tunnel.
 14918 | Lair:3   | 14918 ||| READING scroll labelled GASCHO VEAT.
 14919 | Lair:3   | 14919 ||| READING 3 scrolls of identify.
 14919 | Lair:3   | 14919 ||| IDENTIFYING pink potion
 14920 | Lair:3   | 14920 ||| DROPPING potion of degeneration.
 15036 | Lair:4   | 15036 ||| INVOKING Berserk.
 15381 | Lair:4   | Noticed a death yak
 15382 | Lair:4   | 15382 ||| Stepping ~*~*~tactically~*~*~ (stealth).
 15382 | Lair:4   | Noticed a death yak
 15382 | Lair:4   | Noticed a death yak
 15383 | Lair:4   | Noticed a death yak
 15384 | Lair:4   | 15384 ||| Stepping ~*~*~tactically~*~*~ (stealth).
 15385 | Lair:4   | 15385 ||| Stepping ~*~*~tactically~*~*~ (stealth).
 15386 | Lair:4   | 15386 ||| Stepping ~*~*~tactically~*~*~ (stealth).
 15387 | Lair:4   | 15387 ||| Stepping ~*~*~tactically~*~*~ (stealth).
 15388 | Lair:4   | 15388 ||| INVOKING Berserk.
 15394 | Lair:4   | Killed a death yak
 15394 | Lair:4   | Noticed a death yak
 15402 | Lair:4   | Killed a death yak
 15406 | Lair:4   | Killed a death yak
 15406 | Lair:4   | Killed a death yak
 15407 | Lair:4   | Reached skill level 14 in Axes
 15410 | Lair:4   | Killed a death yak
 15834 | Lair:4   | 15834 ||| INVOKING Berserk.
 16241 | Lair:4   | 16241 ||| UPGRADING to +4 ring of evasion.
 16243 | Lair:4   | 16243 ||| DROPPING ring of resist corrosion.
 16281 | Lair:5   | Entered Level 5 of the Lair of Beasts
 16286 | Lair:5   | 16286 ||| STAIRDANCE
 16293 | Lair:5   | 16293 ||| STAIRDANCE
 16302 | Lair:5   | 16302 ||| STAIRDANCE
 16314 | Lair:5   | 16314 ||| STAIRDANCE
 16319 | Lair:4   | Reached skill level 9 in Armour
 16320 | Lair:4   | Reached **** piety under Trog
 16326 | Lair:5   | 16326 ||| STAIRDANCE
 16374 | Lair:5   | 16374 ||| STAIRDANCE
 16573 | Lair:5   | Noticed a catoblepas
 16574 | Lair:5   | 16574 ||| Stepping ~*~*~tactically~*~*~ (hiding).
 16579 | Lair:5   | 16579 ||| INVOKING Berserk.
 16586 | Lair:5   | Killed a catoblepas
 16682 | Lair:5   | 16682 ||| FLEEEEING.
 16683 | Lair:5   | 16683 ||| FLEEEEING.
 16684 | Lair:5   | 16684 ||| FLEEEEING.
 16685 | Lair:5   | 16685 ||| FLEEEEING.
 16687 | Lair:5   | 16687 ||| FLEEEEING.
 16688 | Lair:5   | 16688 ||| FLEEEEING.
 16689 | Lair:5   | 16689 ||| FLEEEEING.
 16690 | Lair:5   | 16690 ||| FLEEEEING.
 16691 | Lair:5   | 16691 ||| FLEEEEING.
 16692 | Lair:5   | 16692 ||| FLEEEEING.
 16693 | Lair:5   | 16693 ||| FLEEEEING.
 16694 | Lair:5   | 16694 ||| FLEEEEING.
 16695 | Lair:5   | 16695 ||| FLEEEEING.
 16696 | Lair:5   | 16696 ||| FLEEEEING.
 16697 | Lair:5   | 16697 ||| STAIRDANCE
 16857 | Lair:5   | 16857 ||| Stepping ~*~*~tactically~*~*~ (stealth).
 16858 | Lair:5   | 16858 ||| Stepping ~*~*~tactically~*~*~ (stealth).
 16923 | Lair:5   | 16923 ||| Stepping ~*~*~tactically~*~*~ (stealth).
 16931 | Lair:5   | Reached XP level 13. HP: 84/84 MP: 13/13
 17030 | Lair:5   | Reached skill level 15 in Axes
 17202 | Lair:5   | 17202 ||| INVOKING Berserk.
 17212 | Lair:5   | Reached skill level 3 in Dodging
 17223 | Lair:5   | HP: 21/84 [death yak (14)]
 17224 | Lair:5   | 17224 ||| READING 3 scrolls of teleportation.
 17225 | Lair:5   | 17225 ||| DRINKING 2 potions of heal wounds.
 17431 | Lair:5   | 17431 ||| INVOKING Berserk.
 17445 | Lair:5   | Reached skill level 12 in Fighting
 17653 | Lair:5   | 17653 ||| Stepping ~*~*~tactically~*~*~ (stealth).
 17662 | Lair:5   | 17662 ||| Stepping ~*~*~tactically~*~*~ (stealth).
 17664 | Lair:5   | 17664 ||| Stepping ~*~*~tactically~*~*~ (stealth).
 17762 | Lair:5   | 17762 ||| INVOKING Berserk.
 17799 | Lair:5   | HP: 18/86 [yak (8)]
 17799 | Lair:5   | Slain by a death yak

Levels and vault maps discovered:
D:1:      dpeg_arrival_leaves_temple_mockup, layout_loops_ring,
          ebering_ecumenical_altar_abandoned
D:2:      layout_basic, basic_altar, uniq_terence, uniq_jessica, uniq_natasha
D:3:      layout_loops_ring, serial_shops, nicolae_lakefront_shop,
          nicolae_shop_advertising_works [nicolae_subvault_shop_adworks],
          roderic_serpentine_path, kennysheep_big_empty_room,
          wad_floor_pattern_2, minmay_misc_feat_diagonals, minmay_vboxes
D:4:      minmay_evil_eye, layout_basic, mainiacjoe_overflow_cross_hatched
D:5:      layout_basic, mainiacjoe_overflow_alcove_2,
          nicolae_overflow_hallway_of_the_gods, nicolae_eternal_life,
          hangedman_decor_growths, uniq_eustachio, uniq_pikel
D:6:      layout_basic
D:7:      minmay_the_grid_triangle_9x9_rhombus_full
          [minmay_the_grid_triangle_9x9_alien,
          minmay_the_grid_triangle_9x9_tough_junction,
          minmay_the_grid_triangle_9x9_sparse_checkered,
          minmay_the_grid_triangle_9x9_checkered,
          minmay_the_grid_triangle_9x9_odd_lines,
          minmay_the_grid_triangle_9x9_pentomino_pain,
          minmay_the_grid_triangle_9x9_limited_checkers,
          minmay_the_grid_triangle_9x9_prize_schism], layout_basic,
          okawaru_gym_becter, lemuel_coloured_pillars_altar,
          minmay_temple_entry_stoned_glass, wad_floor_pattern_1
D:8:      layout_loops_ring, erik_lair_orcish_takeover, serial_bayou_pond_c,
          st_stairs_6, roderic_lattice_a
Lair:1:   layout_cave_pods, serial_rivers, chequers_serial_rivers_micro_e,
          chequers_serial_rivers_micro_c, chequers_serial_rivers_micro_d,
          chequers_serial_rivers_large_b
Lair:2:   layout_gridlike, minmay_snake_entry_guardpost_small,
          grunt_megastairs_4, serial_bayou_shore_a
Lair:3:   layout_long_grid, shoals_dummy_entry, nicolae_volcano_entry_lava_flow,
          grunt_megastairs_5
Lair:4:   layout_long_grid, portal_ice_cave_entry_imps
Lair:5:   hellmonk_lair_end_abyssal_woods, layout_regular_city, slime_entry_1,
          grunt_megastairs_1

Skill      XL: |  1  2  3  4  5  6  7  8  9 10 11 12 13 |
---------------+----------------------------------------+-----
Axes           | 3 4 5 6 7 9 10 11 12 14 15 | 15.0
Fighting       | 4 6 7 9 10 11 12 | 12.0
Shields        | 2 3 4 5 6 7 |  7.4
Armour         | 3 4 5 6 8 9 10 | 10.2
Throwing       | 2 3 |  3.1
Dodging        | 2 3 |  3.3

Action                   |  1- 3 |  4- 6 |  7- 9 | 10-12 | 13-15 || total
-------------------------+-------+-------+-------+-------+-------++-------
Melee: Hand axe          |    86 |   112 |   344 |   307 |       ||   849
       War axe           |       |       |       |   357 |   170 ||   527
       Morningstar       |       |       |       |     3 |       ||     3
Throw: Javelin           |       |       |     1 |    11 |       ||    12
Invok: Berserk           |     1 |     5 |     7 |    16 |     3 ||    32
  Use: Scroll            |     5 |     5 |    13 |    10 |     1 ||    34
       Potion            |       |       |       |     4 |     1 ||     5
Armor: Animal skin       |    17 |       |       |       |       ||    17
       Scale mail        |     4 |     9 |       |       |       ||    13
       Chain mail        |       |    69 |   126 |   293 |    75 ||   563
Dodge: Dodged            |    44 |    49 |    71 |   161 |    72 ||   397
Block: Buckler           |       |    25 |   121 |   243 |    78 ||   467
       Reflection        |       |       |     2 |       |     1 ||     3

Table legend:
 A = Non-vault XP
 B = Vault XP
 C = Vault XP percentage of total XP
 D = Non-vault monster count
 E = Vault monster count
 F = Vault count percentage of total count
                 A         B        C        D         E       F
            +---------+---------+-------+---------+---------+-------
      Total |   42224 |    2666 |   5.9 |     229 |      47 |  17.0
            +---------+---------+-------+---------+---------+-------
        D:1 |      40 |       0 |   0.0 |      22 |       0 |   0.0
        D:2 |      73 |     108 |  59.7 |      15 |       3 |  16.7
        D:3 |      16 |      10 |  38.5 |       8 |       6 |  42.9
        D:4 |     473 |       3 |   0.6 |      16 |       2 |  11.1
        D:5 |     422 |     185 |  30.5 |      14 |       1 |   6.7
        D:6 |     785 |       0 |   0.0 |      12 |       0 |   0.0
        D:7 |    1951 |     867 |  30.8 |      16 |      11 |  40.7
        D:8 |     864 |     544 |  38.6 |      16 |       7 |  30.4
     Lair:1 |    3428 |       0 |   0.0 |      18 |       0 |   0.0
     Lair:2 |    6465 |     473 |   6.8 |      22 |       3 |  12.0
     Lair:3 |    4151 |       0 |   0.0 |      16 |       0 |   0.0
     Lair:4 |    7458 |     124 |   1.6 |      19 |      12 |  38.7
     Lair:5 |   16098 |     352 |   2.1 |      35 |       2 |   5.4
            +---------+---------+-------+---------+---------+-------
